[ AOE2 MATCH · #477457988 ]
UnrankedBurgundians vs Byzantines
[ REPLAY ANALYSIS · EXTRACTED FROM THE RECORDED GAME ]
Feudal
12:45
Castle
35:26
Imperial
—
| APM avg | 38.7 |
| APM peak | 79 |
| eAPM avg | 21.3 |
| Villagers / military | 145 / 47 |
Focus
⚔️ 25.5% · 🌾 74.5%
Archer ×30 · Scout Cavalry ×16 · Coustillier ×1
Feudal
12:13
Castle
29:17
Imperial
—
| APM avg | 46.8 |
| APM peak | 100 |
| eAPM avg | 27.5 |
| Villagers / military | 78 / 40 |
Focus
⚔️ 17.7% · 🌾 82.3%
Archer ×15 · Spearman ×11 · Mangonel ×5 · Skirmisher ×5 · Monk ×2 · Armored Elephant ×2
Feudal
13:00
Castle
16:55
Imperial
42:35
| APM avg | 64.4 |
| APM peak | 132 |
| eAPM avg | 40.9 |
| Villagers / military | 203 / 93 |
Focus
⚔️ 55.3% · 🌾 44.7%
Camel Scout ×58 · Monk ×27 · Mangonel ×7 · Cataphract ×1
Feudal
11:47
Castle
26:45
Imperial
—
| APM avg | 63.6 |
| APM peak | 123 |
| eAPM avg | 28.6 |
| Villagers / military | 120 / 102 |
Focus
⚔️ 26.3% · 🌾 73.7%
Archer ×76 · Knight ×19 · Battering Ram ×3 · Obuch ×2 · Spearman ×2
Feudal
13:13
Castle
27:15
Imperial
—
| APM avg | 54.2 |
| APM peak | 113 |
| eAPM avg | 19.1 |
| Villagers / military | 105 / 135 |
Focus
⚔️ 43.2% · 🌾 56.8%
Skirmisher ×73 · Archer ×58 · Mangonel ×3 · Spearman ×1
Feudal
13:07
Castle
21:24
Imperial
36:48
| APM avg | 66.3 |
| APM peak | 108 |
| eAPM avg | 27.0 |
| Villagers / military | 110 / 170 |
Focus
⚔️ 35.9% · 🌾 64.1%
Archer ×169 · Trebuchet (Packed) ×1
Feudal
14:19
Castle
18:00
Imperial
37:46
| APM avg | 57.0 |
| APM peak | 102 |
| eAPM avg | 25.6 |
| Villagers / military | 119 / 280 |
Focus
⚔️ 32.2% · 🌾 67.8%
Knight ×268 · Fishing Ship ×26 · Battering Ram ×7 · Scout Cavalry ×5
Feudal
11:04
Castle
34:53
Imperial
—
| APM avg | 49.8 |
| APM peak | 96 |
| eAPM avg | 35.4 |
| Villagers / military | 174 / 67 |
Focus
⚔️ 44.6% · 🌾 55.4%
Scout Cavalry ×28 · Skirmisher ×17 · Archer ×12 · Knight ×6 · Monk ×2 · Spearman ×2
Match map
Initial resources + every placement click. Lines = walls · curves = elevation contours. ◆ gold · ⬟ stone · ● berries · ✦ relic · ◌ wall gap
Your base· Open — unwalled flank
鹿乃子乃子虎视眈眈's base· Open — unwalled flank
HaraKiri's base· Open — unwalled flank
Capt. Eadk'an's base· Open — 3t gap
Ceeelebrate's base· Open — 11t gap
Papa Crimskiy's base· Open — 4t gap
Sói's base· Open — unwalled flank
ツ Xuma's base· Open — 8t gap
Smoothed initial terrain · ◌ = detected wall gap · hover for details
Inputs per minute
— DYS.Chipmunk - - 鹿乃子乃子虎视眈眈
Build order — DYS.Chipmunk
First 150 of 355 actions detected
| 0:27 | Build | Town Center |
| 2:13 | Build | House |
| 2:40 | Create | Villager (Male) |
| 2:40 | Create | Villager (Male) |
| 2:40 | Create | Villager (Male) |
| 2:40 | Create | Villager (Male) |
| 2:41 | Create | Villager (Male) |
| 3:31 | Create | Villager (Male) |
| 4:15 | Create | Villager (Male) |
| 4:15 | Create | Villager (Male) |
| 4:33 | Build | Lumber Camp |
| 4:37 | Create | Villager (Male) |
| 4:38 | Create | Villager (Male) |
| 5:04 | Create | Villager (Male) |
| 5:05 | Create | Villager (Male) |
| 5:19 | Create | Villager (Male) |
| 5:20 | Create | Villager (Male) |
| 5:39 | Build | House |
| 5:47 | Research | Loom |
| 5:47 | Create | Villager (Male) |
| 5:56 | Create | Villager (Male) |
| 5:56 | Create | Villager (Male) |
| 6:17 | Build | House |
| 6:23 | Create | Villager (Male) |
| 6:23 | Create | Villager (Male) |
| 6:32 | Create | Villager (Male) |
| 6:33 | Create | Villager (Male) |
| 7:00 | Create | Villager (Male) |
| 7:01 | Create | Villager (Male) |
| 7:39 | Build | House |
| 7:49 | Create | Villager (Male) |
| 8:08 | Create | Villager (Male) |
| 8:25 | Create | Villager (Male) |
| 8:28 | Build | House |
| 8:31 | Build | Palisade Wall |
| 8:45 | Build | Mill |
| 8:47 | Create | Villager (Male) |
| 9:47 | Build | House |
| 9:51 | Build | Palisade Wall |
| 9:59 | Create | Villager (Male) |
| 10:09 | Build | Palisade Wall |
| 10:35 | Research | Feudal Age |
| 11:09 | Build | Mining Camp |
| 12:01 | Build | Barracks |
| 12:33 | Create | Villager (Male) |
| 12:33 | Create | Villager (Male) |
| 12:45 | Age | Feudal Age |
| 12:48 | Create | Villager (Male) |
| 12:56 | Build | Palisade Wall |
| 13:00 | Build | Archery Range |
| 13:11 | Create | Villager (Male) |
| 13:22 | Create | Villager (Male) |
| 13:35 | Build | House |
| 13:43 | Build | Outpost |
| 13:46 | Create | Villager (Male) |
| 13:57 | Create | Archer |
| 14:02 | Build | House |
| 14:12 | Research | Double-Bit Axe |
| 14:12 | Research | Double-Bit Axe |
| 14:14 | Create | Archer |
| 14:25 | Research | Town Watch |
| 14:27 | Create | Villager (Male) |
| 14:34 | Create | Archer |
| 14:46 | Research | Bow Saw |
| 14:46 | Research | Bow Saw |
| 14:49 | Create | Villager (Male) |
| 14:53 | Create | Archer |
| 15:18 | Create | Archer |
| 15:31 | Build | Blacksmith |
| 15:32 | Create | Villager (Male) |
| 15:35 | Build | Watch Tower |
| 15:48 | Create | Villager (Male) |
| 15:56 | Create | Archer |
| 16:08 | Create | Villager (Male) |
| 16:11 | Build | House |
| 16:19 | Create | Archer |
| 16:25 | Research | Fletching |
| 16:26 | Create | Villager (Male) |
| 16:37 | Create | Villager (Male) |
| 16:39 | Build | House |
| 16:51 | Create | Archer |
| 16:51 | Create | Archer |
| 17:01 | Create | Villager (Male) |
| 17:16 | Create | Villager (Male) |
| 17:17 | Create | Villager (Male) |
| 17:24 | Build | Archery Range |
| 17:28 | Create | Villager (Male) |
| 17:39 | Create | Archer |
| 17:45 | Create | Villager (Male) |
| 17:51 | Create | Villager (Male) |
| 17:54 | Build | Watch Tower |
| 18:10 | Create | Archer |
| 18:11 | Create | Archer |
| 18:22 | Create | Villager (Male) |
| 18:25 | Build | Market |
| 18:32 | Create | Archer |
| 18:32 | Create | Archer |
| 18:37 | Build | House |
| 18:38 | Create | Villager (Male) |
| 18:58 | Create | Archer |
| 18:59 | Create | Archer |
| 19:20 | Build | Stable |
| 19:24 | Create | Archer |
| 19:24 | Create | Archer |
| 19:45 | Create | Archer |
| 19:46 | Create | Archer |
| 19:55 | Create | Archer |
| 19:59 | Create | Villager (Male) |
| 20:22 | Create | Archer |
| 20:28 | Create | Villager (Male) |
| 20:31 | Build | Mill |
| 20:32 | Create | Villager (Male) |
| 20:38 | Create | Archer |
| 20:46 | Create | Scout Cavalry |
| 20:49 | Create | Villager (Male) |
| 21:00 | Build | Stone Wall |
| 21:17 | Create | Scout Cavalry |
| 21:24 | Create | Archer |
| 21:42 | Create | Villager (Male) |
| 21:45 | Create | Scout Cavalry |
| 21:52 | Build | Market |
| 21:58 | Create | Villager (Male) |
| 21:59 | Create | Villager (Male) |
| 22:06 | Create | Archer |
| 22:06 | Create | Archer |
| 22:10 | Build | House |
| 22:11 | Build | House |
| 22:13 | Create | Villager (Male) |
| 22:45 | Build | Watch Tower |
| 22:51 | Create | Scout Cavalry |
| 23:00 | Research | Scale Barding Armor |
| 23:02 | Create | Villager (Male) |
| 23:02 | Create | Villager (Male) |
| 23:13 | Build | House |
| 23:18 | Create | Villager (Male) |
| 23:39 | Create | Villager (Male) |
| 23:59 | Create | Scout Cavalry |
| 24:00 | Create | Scout Cavalry |
| 24:10 | Create | Scout Cavalry |
| 24:33 | Create | Scout Cavalry |
| 24:34 | Create | Villager (Male) |
| 24:45 | Build | Watch Tower |
| 24:51 | Create | Villager (Male) |
| 25:04 | Create | Scout Cavalry |
| 25:23 | Create | Villager (Male) |
| 25:39 | Create | Villager (Male) ×5 |
| 25:39 | Create | Villager (Male) |
| 25:42 | Create | Scout Cavalry |
| 26:21 | Create | Scout Cavalry |
| 26:32 | Create | Villager (Male) |
Build order — 鹿乃子乃子虎视眈眈
First 150 of 176 actions detected
| 0:46 | Build | Town Center |
| 2:10 | Build | House |
| 2:58 | Create | Villager (Male) |
| 2:58 | Create | Villager (Male) |
| 2:58 | Create | Villager (Male) |
| 2:58 | Create | Villager (Male) |
| 2:59 | Create | Villager (Male) |
| 3:09 | Build | House |
| 4:27 | Create | Villager (Male) |
| 4:53 | Create | Villager (Male) |
| 5:09 | Build | Lumber Camp |
| 5:15 | Create | Villager (Male) |
| 5:44 | Create | Villager (Male) |
| 6:10 | Create | Villager (Male) |
| 6:37 | Create | Villager (Male) |
| 6:54 | Build | Mill |
| 7:04 | Create | Villager (Male) |
| 7:24 | Create | Villager (Male) |
| 7:46 | Create | Villager (Male) |
| 7:51 | Build | House |
| 8:05 | Create | Villager (Male) |
| 8:35 | Create | Villager (Male) |
| 8:50 | Create | Villager (Male) |
| 8:51 | Research | Loom |
| 10:01 | Research | Feudal Age |
| 11:06 | Build | Barracks |
| 12:03 | Create | Villager (Male) |
| 12:04 | Create | Villager (Male) |
| 12:13 | Age | Feudal Age |
| 12:14 | Create | Spearman |
| 12:15 | Build | House |
| 12:20 | Build | Archery Range |
| 12:44 | Create | Spearman |
| 12:48 | Create | Villager (Male) |
| 13:05 | Create | Villager (Male) |
| 13:30 | Build | House |
| 13:39 | Create | Villager (Male) |
| 13:41 | Create | Archer |
| 13:50 | Create | Spearman |
| 14:28 | Create | Villager (Male) |
| 14:29 | Create | Archer |
| 14:33 | Build | House |
| 14:36 | Create | Spearman |
| 14:43 | Create | Archer |
| 14:57 | Create | Archer |
| 14:59 | Create | Villager (Male) |
| 14:59 | Create | Villager (Male) |
| 14:59 | Create | Spearman |
| 15:02 | Build | House |
| 15:38 | Create | Archer |
| 15:39 | Create | Villager (Male) |
| 15:42 | Build | House |
| 16:06 | Build | Blacksmith |
| 16:08 | Create | Spearman |
| 16:16 | Create | Archer |
| 16:37 | Create | Villager (Male) |
| 16:37 | Create | Villager (Male) |
| 16:37 | Create | Villager (Male) |
| 16:47 | Create | Archer |
| 16:49 | Research | Fletching |
| 16:52 | Build | Farm |
| 17:09 | Create | Villager (Male) |
| 17:28 | Create | Villager (Male) |
| 17:33 | Create | Skirmisher |
| 17:50 | Create | Archer |
| 17:52 | Create | Villager (Male) |
| 18:17 | Create | Villager (Male) |
| 18:20 | Build | House |
| 18:28 | Build | Farm |
| 18:38 | Create | Archer |
| 18:43 | Build | Mill |
| 18:45 | Create | Villager (Male) |
| 19:01 | Create | Villager (Male) |
| 19:06 | Build | Watch Tower |
| 19:21 | Create | Archer |
| 19:22 | Create | Skirmisher |
| 19:22 | Create | Villager (Male) |
| 20:01 | Create | Villager (Male) |
| 20:01 | Create | Villager (Male) |
| 20:19 | Create | Villager (Male) |
| 20:19 | Create | Villager (Male) |
| 20:25 | Create | Skirmisher |
| 20:36 | Build | Mining Camp |
| 21:29 | Create | Villager (Male) |
| 21:30 | Create | Villager (Male) |
| 21:44 | Create | Villager (Male) |
| 21:45 | Build | Farm |
| 21:46 | Build | Farm |
| 22:05 | Create | Villager (Male) |
| 22:06 | Build | Farm |
| 22:18 | Build | Mining Camp |
| 22:20 | Create | Villager (Male) |
| 22:28 | Create | Archer |
| 22:29 | Create | Archer |
| 22:30 | Create | Villager (Male) |
| 22:38 | Build | Farm |
| 22:58 | Create | Villager (Male) |
| 23:02 | Build | Mill |
| 23:03 | Build | Farm |
| 23:04 | Build | Farm |
| 23:05 | Build | Farm |
| 23:18 | Create | Archer |
| 23:35 | Create | Villager (Male) |
| 23:51 | Create | Villager (Male) |
| 24:05 | Build | House |
| 24:28 | Create | Skirmisher |
| 24:29 | Create | Skirmisher |
| 25:07 | Create | Villager (Male) |
| 25:07 | Create | Villager (Male) |
| 25:38 | Create | Villager (Male) |
| 25:45 | Create | Archer |
| 25:45 | Create | Archer |
| 25:52 | Build | Market |
| 25:58 | Create | Spearman |
| 26:32 | Research | Castle Age |
| 26:33 | Research | Castle Age |
| 27:03 | Create | Spearman |
| 28:16 | Create | Villager (Male) |
| 28:54 | Create | Spearman |
| 29:01 | Build | Watch Tower |
| 29:17 | Age | Castle Age |
| 29:22 | Create | Villager (Male) |
| 29:31 | Build | Siege Workshop |
| 30:01 | Create | Villager (Male) |
| 30:09 | Create | Mangonel |
| 30:42 | Create | Mangonel |
| 30:44 | Research | Wheelbarrow |
| 30:44 | Research | Wheelbarrow |
| 31:07 | Research | Double-Bit Axe |
| 31:53 | Create | Armored Elephant |
| 32:05 | Create | Villager (Male) |
| 32:06 | Create | Villager (Male) |
| 32:07 | Create | Villager (Male) |
| 32:53 | Create | Villager (Male) |
| 33:33 | Create | Villager (Male) |
| 33:51 | Create | Mangonel |
| 33:52 | Create | Villager (Male) |
| 33:58 | Create | Spearman |
| 34:07 | Create | Spearman |
| 34:14 | Create | Villager (Male) |
| 35:48 | Create | Villager (Male) |
| 35:49 | Create | Villager (Male) |
| 35:56 | Build | Town Center |
| 36:11 | Create | Armored Elephant |
| 36:24 | Research | Horse Collar |
| 36:32 | Research | Bow Saw |
| 36:32 | Research | Bow Saw |
| 36:35 | Build | Farm |
| 36:50 | Build | Monastery |
| 36:55 | Create | Villager (Male) |
Build order — HaraKiri
First 150 of 483 actions detected
| 0:07 | Build | Town Center |
| 2:30 | Create | Villager (Male) |
| 2:30 | Create | Villager (Male) |
| 2:31 | Create | Villager (Male) |
| 2:31 | Create | Villager (Male) |
| 2:31 | Create | Villager (Male) |
| 2:35 | Build | House |
| 3:33 | Create | Villager (Male) |
| 3:33 | Create | Villager (Male) |
| 4:11 | Build | House |
| 4:13 | Create | Villager (Male) |
| 4:34 | Create | Villager (Male) |
| 4:51 | Create | Villager (Male) |
| 5:09 | Build | Mill |
| 5:17 | Build | Mill |
| 5:19 | Create | Villager (Male) |
| 5:19 | Create | Villager (Male) |
| 5:45 | Create | Villager (Male) |
| 6:11 | Create | Villager (Male) |
| 6:21 | Build | House |
| 6:24 | Create | Villager (Male) |
| 6:37 | Create | Villager (Male) |
| 6:37 | Create | Villager (Male) |
| 6:50 | Build | Palisade Wall |
| 6:58 | Build | Palisade Wall |
| 7:04 | Build | Palisade Wall |
| 7:10 | Create | Villager (Male) |
| 7:11 | Create | Villager (Male) |
| 7:26 | Create | Villager (Male) |
| 7:27 | Create | Villager (Male) |
| 7:39 | Build | Lumber Camp |
| 7:48 | Create | Villager (Male) |
| 7:51 | Create | Villager (Male) |
| 8:11 | Create | Villager (Male) |
| 8:13 | Create | Villager (Male) |
| 8:13 | Create | Villager (Male) |
| 8:29 | Create | Villager (Male) |
| 8:40 | Build | House |
| 8:42 | Create | Villager (Male) |
| 8:48 | Create | Villager (Male) |
| 8:48 | Create | Villager (Male) |
| 9:17 | Research | Loom |
| 9:17 | Research | Feudal Age |
| 9:22 | Create | Villager (Male) |
| 9:23 | Create | Villager (Male) |
| 9:23 | Research | Loom |
| 9:49 | Build | House |
| 9:55 | Build | Palisade Gate |
| 9:58 | Build | Palisade Wall |
| 10:00 | Build | Palisade Wall |
| 10:08 | Research | Feudal Age |
| 10:45 | Build | Mining Camp |
| 11:16 | Build | House |
| 11:17 | Build | Palisade Wall |
| 12:21 | Create | Villager (Male) |
| 12:39 | Create | Villager (Male) |
| 12:39 | Create | Villager (Male) |
| 12:40 | Create | Villager (Male) |
| 12:56 | Build | Palisade Wall |
| 13:00 | Age | Feudal Age |
| 13:02 | Create | Villager (Male) |
| 13:07 | Build | Market |
| 13:16 | Create | Villager (Male) |
| 13:17 | Build | Blacksmith |
| 13:27 | Create | Villager (Male) |
| 13:37 | Build | Palisade Wall |
| 13:42 | Create | Villager (Male) |
| 13:42 | Create | Villager (Male) |
| 13:46 | Create | Villager (Male) |
| 13:47 | Create | Villager (Male) |
| 13:50 | Create | Villager (Male) |
| 13:52 | Create | Villager (Male) |
| 14:08 | Research | Castle Age |
| 14:09 | Research | Castle Age |
| 14:59 | Research | Double-Bit Axe |
| 14:59 | Research | Double-Bit Axe |
| 15:58 | Create | Villager (Male) |
| 16:55 | Age | Castle Age |
| 16:57 | Build | Town Center |
| 16:58 | Create | Villager (Male) |
| 17:04 | Build | Siege Workshop |
| 17:07 | Build | Siege Workshop |
| 17:08 | Create | Villager (Male) |
| 17:11 | Create | Villager (Male) |
| 17:18 | Build | Monastery |
| 17:23 | Create | Villager (Male) |
| 17:47 | Build | House |
| 17:49 | Build | House |
| 17:51 | Research | Bow Saw |
| 17:52 | Research | Bow Saw |
| 18:00 | Create | Villager (Male) |
| 18:09 | Create | Mangonel |
| 18:12 | Create | Monk |
| 18:20 | Create | Villager (Male) |
| 18:28 | Research | Wheelbarrow |
| 18:29 | Research | Wheelbarrow |
| 18:29 | Create | Villager (Male) |
| 18:42 | Create | Villager (Male) |
| 18:42 | Create | Villager (Male) |
| 19:02 | Create | Villager (Male) |
| 19:02 | Create | Villager (Male) |
| 19:25 | Create | Monk |
| 19:29 | Create | Mangonel |
| 19:39 | Create | Monk |
| 19:40 | Create | Villager (Male) |
| 19:40 | Create | Villager (Male) |
| 19:48 | Create | Villager (Male) |
| 19:50 | Create | Villager (Male) |
| 19:51 | Create | Villager (Male) |
| 20:13 | Create | Villager (Male) |
| 20:14 | Create | Villager (Male) |
| 20:55 | Build | House |
| 20:56 | Build | House |
| 20:58 | Create | Monk |
| 20:58 | Create | Monk |
| 21:00 | Create | Monk |
| 21:06 | Create | Villager (Male) |
| 21:07 | Create | Villager (Male) |
| 21:10 | Create | Villager (Male) |
| 21:15 | Build | Mining Camp |
| 21:33 | Build | Town Center |
| 21:38 | Build | Farm |
| 21:40 | Build | Farm |
| 21:55 | Create | Villager (Male) |
| 22:10 | Create | Monk |
| 22:30 | Create | Villager (Male) |
| 22:30 | Create | Villager (Male) |
| 22:31 | Create | Villager (Male) |
| 22:31 | Create | Villager (Male) |
| 22:36 | Build | Outpost |
| 22:37 | Build | Mining Camp |
| 22:39 | Build | Farm |
| 22:40 | Build | Farm |
| 22:40 | Build | Farm |
| 22:40 | Build | Farm |
| 22:40 | Build | Farm |
| 22:59 | Create | Monk |
| 23:02 | Build | Outpost |
| 23:03 | Build | Outpost |
| 23:06 | Create | Villager (Male) |
| 23:06 | Create | Villager (Male) |
| 23:10 | Create | Monk |
| 23:24 | Create | Villager (Male) |
| 23:31 | Create | Villager (Male) |
| 23:31 | Create | Villager (Male) |
| 23:33 | Build | Farm |
| 23:34 | Build | Farm |
| 23:36 | Build | Farm |
| 23:37 | Build | Farm |
| 23:48 | Create | Villager (Male) |
Build order — Capt. Eadk'an
First 150 of 385 actions detected
| 0:10 | Build | Town Center |
| 0:28 | Build | House |
| 2:31 | Create | Villager (Male) |
| 2:32 | Create | Villager (Male) |
| 2:32 | Create | Villager (Male) |
| 2:32 | Create | Villager (Male) |
| 2:33 | Create | Villager (Male) |
| 3:20 | Create | Villager (Male) |
| 3:49 | Create | Villager (Male) |
| 3:49 | Create | Villager (Male) |
| 4:17 | Build | House |
| 4:26 | Create | Villager (Male) |
| 4:42 | Create | Villager (Male) |
| 5:11 | Create | Villager (Male) |
| 5:23 | Create | Villager (Male) |
| 5:52 | Create | Villager (Male) |
| 5:52 | Create | Villager (Male) |
| 6:01 | Build | Lumber Camp |
| 6:34 | Create | Villager (Male) |
| 6:35 | Create | Villager (Male) |
| 6:42 | Create | Villager (Male) |
| 6:46 | Build | House |
| 7:01 | Create | Villager (Male) |
| 7:02 | Create | Villager (Male) |
| 7:30 | Create | Villager (Male) |
| 8:11 | Build | Mill |
| 8:44 | Create | Villager (Male) |
| 9:08 | Create | Villager (Male) |
| 9:34 | Research | Feudal Age |
| 10:03 | Build | Barracks |
| 10:38 | Research | Loom |
| 10:56 | Build | Palisade Wall |
| 11:01 | Build | Palisade Wall |
| 11:02 | Build | Palisade Wall |
| 11:03 | Build | Palisade Wall |
| 11:05 | Build | Palisade Wall |
| 11:07 | Build | Palisade Wall |
| 11:08 | Build | Palisade Wall |
| 11:09 | Build | Palisade Wall |
| 11:28 | Build | Mining Camp |
| 11:47 | Age | Feudal Age |
| 11:49 | Build | Archery Range |
| 11:55 | Create | Villager (Male) |
| 12:16 | Create | Villager (Male) |
| 12:18 | Research | Double-Bit Axe |
| 12:29 | Build | House |
| 12:34 | Build | House |
| 12:36 | Create | Archer |
| 12:36 | Create | Archer |
| 12:40 | Create | Villager (Male) |
| 13:08 | Create | Spearman |
| 13:11 | Build | House |
| 13:17 | Create | Archer |
| 13:17 | Create | Villager (Male) |
| 13:30 | Create | Spearman |
| 13:31 | Create | Archer |
| 13:34 | Build | House |
| 13:40 | Create | Villager (Male) |
| 13:55 | Build | Blacksmith |
| 14:03 | Create | Archer |
| 14:09 | Create | Villager (Male) |
| 14:38 | Create | Villager (Male) |
| 15:01 | Create | Archer |
| 15:16 | Create | Villager (Male) |
| 15:21 | Build | Archery Range |
| 15:24 | Create | Villager (Male) |
| 15:34 | Create | Villager (Male) |
| 15:43 | Create | Archer |
| 15:43 | Create | Archer |
| 15:52 | Research | Fletching |
| 15:52 | Research | Fletching |
| 15:52 | Create | Archer |
| 15:53 | Create | Archer |
| 15:57 | Create | Villager (Male) |
| 15:58 | Create | Villager (Male) |
| 16:19 | Create | Villager (Male) |
| 16:20 | Create | Archer |
| 16:20 | Create | Archer |
| 16:27 | Research | Horse Collar |
| 16:27 | Research | Horse Collar |
| 16:27 | Research | Horse Collar |
| 16:44 | Create | Archer |
| 16:48 | Create | Villager (Male) |
| 16:52 | Build | Farm |
| 16:58 | Build | Farm |
| 17:01 | Create | Archer |
| 17:02 | Create | Archer |
| 17:15 | Create | Villager (Male) |
| 17:16 | Create | Villager (Male) |
| 17:19 | Build | Farm |
| 17:21 | Create | Villager (Male) |
| 17:28 | Build | House |
| 17:29 | Build | House |
| 17:30 | Build | House |
| 17:30 | Create | Villager (Male) |
| 17:33 | Create | Archer |
| 17:40 | Create | Archer |
| 17:40 | Create | Archer |
| 17:47 | Build | Farm |
| 17:48 | Create | Villager (Male) |
| 17:57 | Build | Mill |
| 18:16 | Create | Archer |
| 18:16 | Create | Archer |
| 18:17 | Create | Villager (Male) |
| 18:17 | Create | Villager (Male) |
| 18:23 | Build | House |
| 18:24 | Build | House |
| 18:28 | Create | Archer |
| 18:52 | Create | Archer |
| 18:52 | Create | Archer |
| 18:56 | Build | House |
| 18:57 | Build | House |
| 19:16 | Create | Archer |
| 19:16 | Create | Archer |
| 19:20 | Research | Padded Archer Armor |
| 19:20 | Research | Padded Archer Armor |
| 19:22 | Create | Villager (Male) |
| 19:22 | Create | Archer |
| 19:23 | Create | Archer |
| 19:29 | Create | Villager (Male) |
| 19:51 | Create | Villager (Male) |
| 19:54 | Create | Villager (Male) |
| 20:15 | Create | Villager (Male) |
| 20:40 | Create | Archer |
| 20:40 | Create | Archer |
| 20:41 | Create | Villager (Male) |
| 20:43 | Create | Villager (Male) |
| 20:47 | Build | House |
| 20:47 | Build | House |
| 20:50 | Create | Archer |
| 21:02 | Create | Archer |
| 21:10 | Create | Archer |
| 21:11 | Create | Villager (Male) |
| 21:17 | Build | Farm |
| 21:18 | Build | Farm |
| 21:19 | Build | Mill |
| 21:20 | Build | Farm |
| 21:20 | Build | Farm |
| 21:21 | Build | Farm |
| 21:42 | Create | Villager (Male) |
| 21:52 | Build | House |
| 21:53 | Build | House |
| 22:05 | Build | Market |
| 22:13 | Create | Archer |
| 22:14 | Create | Archer |
| 22:26 | Build | House |
| 22:32 | Create | Villager (Male) |
| 22:33 | Create | Villager (Male) |
| 22:36 | Create | Villager (Male) |
| 22:39 | Create | Archer |
Build order — Ceeelebrate
First 150 of 375 actions detected
| 0:23 | Build | Town Center |
| 2:35 | Create | Villager (Male) |
| 2:35 | Create | Villager (Male) |
| 2:36 | Create | Villager (Male) |
| 2:36 | Create | Villager (Male) |
| 2:37 | Create | Villager (Male) |
| 3:13 | Build | House |
| 3:27 | Research | Loom |
| 3:34 | Create | Villager (Male) |
| 3:34 | Create | Villager (Male) |
| 3:34 | Create | Villager (Male) |
| 4:02 | Create | Villager (Male) |
| 4:21 | Create | Villager (Male) |
| 4:21 | Create | Villager (Male) |
| 4:53 | Create | Villager (Male) |
| 5:10 | Create | Villager (Male) |
| 5:10 | Create | Villager (Male) |
| 5:30 | Create | Villager (Male) |
| 5:31 | Create | Villager (Male) |
| 5:35 | Build | House |
| 6:07 | Create | Villager (Male) |
| 6:34 | Build | Lumber Camp |
| 6:45 | Create | Villager (Male) |
| 6:45 | Create | Villager (Male) |
| 6:49 | Build | House |
| 7:44 | Create | Villager (Male) |
| 8:07 | Create | Villager (Male) |
| 8:22 | Create | Villager (Male) |
| 8:28 | Build | Mill |
| 8:41 | Create | Villager (Male) |
| 8:57 | Create | Villager (Male) |
| 8:58 | Create | Villager (Male) |
| 9:01 | Build | House |
| 9:15 | Create | Villager (Male) |
| 9:29 | Build | Mill |
| 11:03 | Research | Feudal Age |
| 11:04 | Research | Feudal Age |
| 11:08 | Build | Barracks |
| 11:39 | Build | Lumber Camp |
| 11:52 | Create | Villager (Male) |
| 11:53 | Create | Villager (Male) |
| 12:19 | Build | House |
| 12:21 | Build | Palisade Wall |
| 12:22 | Build | Palisade Wall |
| 12:25 | Build | Palisade Wall |
| 12:33 | Build | Palisade Gate |
| 13:13 | Create | Villager (Male) |
| 13:13 | Age | Feudal Age |
| 13:20 | Build | Archery Range |
| 13:48 | Create | Villager (Male) |
| 14:10 | Create | Archer |
| 14:11 | Create | Archer |
| 14:11 | Create | Archer |
| 14:16 | Create | Villager (Male) |
| 14:42 | Build | Archery Range |
| 14:47 | Create | Archer |
| 14:48 | Create | Villager (Male) |
| 14:59 | Create | Villager (Male) |
| 15:10 | Create | Villager (Male) |
| 15:27 | Create | Villager (Male) |
| 15:33 | Build | House |
| 15:45 | Build | Blacksmith |
| 16:02 | Create | Archer |
| 16:02 | Create | Archer |
| 16:03 | Create | Villager (Male) |
| 16:04 | Create | Villager (Male) |
| 16:32 | Create | Villager (Male) |
| 16:36 | Create | Archer |
| 16:40 | Build | House |
| 16:42 | Build | House |
| 16:45 | Research | Town Watch |
| 16:51 | Build | Market |
| 16:52 | Create | Villager (Male) |
| 16:57 | Build | House |
| 16:58 | Create | Villager (Male) |
| 17:01 | Create | Villager (Male) |
| 17:28 | Create | Archer |
| 17:28 | Create | Archer |
| 17:42 | Build | Farm |
| 17:43 | Build | Farm |
| 17:44 | Build | Farm |
| 17:55 | Research | Fletching |
| 17:56 | Research | Fletching |
| 17:58 | Create | Archer |
| 17:58 | Create | Archer |
| 18:08 | Create | Villager (Male) |
| 18:16 | Create | Archer |
| 18:28 | Create | Archer |
| 18:29 | Create | Archer |
| 18:31 | Create | Villager (Male) |
| 18:58 | Create | Villager (Male) |
| 19:00 | Build | House |
| 19:32 | Create | Villager (Male) |
| 19:35 | Build | Farm |
| 19:38 | Create | Archer |
| 19:38 | Create | Archer |
| 19:38 | Create | Archer |
| 19:41 | Create | Villager (Male) |
| 19:47 | Build | Farm |
| 19:47 | Build | Farm |
| 19:51 | Build | Farm |
| 19:52 | Build | Farm |
| 19:53 | Research | Horse Collar |
| 19:53 | Research | Horse Collar |
| 20:27 | Create | Villager (Male) |
| 20:34 | Create | Archer |
| 20:34 | Create | Archer |
| 20:35 | Create | Archer |
| 20:37 | Create | Villager (Male) |
| 20:59 | Create | Archer |
| 21:00 | Create | Archer |
| 21:02 | Create | Villager (Male) |
| 21:17 | Build | Farm |
| 21:17 | Build | Farm |
| 21:17 | Build | Farm |
| 21:17 | Build | Farm |
| 21:18 | Build | Farm |
| 21:20 | Create | Villager (Male) |
| 21:20 | Create | Villager (Male) |
| 21:23 | Create | Skirmisher |
| 21:24 | Create | Skirmisher |
| 21:29 | Research | Padded Archer Armor |
| 21:29 | Research | Padded Archer Armor |
| 21:36 | Create | Skirmisher |
| 21:36 | Create | Skirmisher |
| 21:46 | Create | Villager (Male) |
| 21:47 | Build | House |
| 21:48 | Build | House |
| 21:49 | Build | House |
| 21:53 | Build | Farm |
| 22:05 | Create | Villager (Male) |
| 22:16 | Create | Villager (Male) |
| 22:19 | Create | Skirmisher |
| 22:20 | Create | Skirmisher |
| 22:41 | Create | Villager (Male) |
| 22:47 | Create | Skirmisher |
| 22:48 | Create | Skirmisher |
| 22:49 | Create | Skirmisher |
| 22:50 | Create | Villager (Male) |
| 22:54 | Build | Farm |
| 22:58 | Create | Villager (Male) |
| 23:05 | Create | Skirmisher |
| 23:18 | Build | Watch Tower |
| 23:28 | Build | Palisade Wall |
| 23:28 | Build | Palisade Wall |
| 23:41 | Create | Villager (Male) |
| 23:41 | Create | Villager (Male) |
| 23:47 | Build | Farm |
| 23:48 | Build | Farm |
| 23:52 | Create | Skirmisher |
Build order — Papa Crimskiy
First 150 of 485 actions detected
| 1:28 | Build | Town Center |
| 2:43 | Build | House |
| 2:44 | Build | House |
| 3:24 | Create | Villager (Male) ×3 |
| 4:40 | Create | Villager (Male) |
| 5:03 | Create | Villager (Male) |
| 5:28 | Build | Lumber Camp |
| 5:31 | Create | Villager (Male) |
| 5:56 | Create | Villager (Male) |
| 6:18 | Create | Villager (Male) |
| 6:36 | Create | Villager (Male) |
| 6:53 | Build | House |
| 6:59 | Create | Villager (Male) |
| 7:13 | Build | House |
| 7:28 | Build | House |
| 7:35 | Create | Villager (Male) |
| 7:41 | Build | House |
| 7:55 | Build | Palisade Gate |
| 8:00 | Create | Villager (Male) |
| 8:13 | Build | House |
| 8:22 | Create | Villager (Male) |
| 8:50 | Create | Villager (Male) |
| 9:01 | Build | House |
| 9:15 | Create | Villager (Male) |
| 9:36 | Create | Villager (Male) |
| 9:56 | Build | Mill |
| 9:59 | Create | Villager (Male) |
| 10:32 | Create | Villager (Male) |
| 10:57 | Research | Feudal Age |
| 10:58 | Research | Feudal Age |
| 11:25 | Build | Mining Camp |
| 12:09 | Build | Barracks |
| 12:12 | Research | Loom |
| 13:07 | Age | Feudal Age |
| 13:10 | Build | Archery Range |
| 13:20 | Research | Double-Bit Axe |
| 13:20 | Research | Double-Bit Axe |
| 13:34 | Create | Villager (Male) |
| 13:35 | Create | Villager (Male) |
| 13:38 | Build | House |
| 13:40 | Build | Palisade Wall |
| 13:44 | Build | Palisade Wall |
| 13:45 | Build | Palisade Wall |
| 13:51 | Create | Villager (Male) |
| 14:03 | Build | Palisade Wall |
| 14:04 | Build | Palisade Wall |
| 14:05 | Create | Archer |
| 14:21 | Create | Villager (Male) |
| 14:23 | Create | Archer |
| 15:01 | Create | Villager (Male) |
| 15:06 | Build | Blacksmith |
| 15:12 | Create | Archer |
| 15:27 | Build | House |
| 15:32 | Research | Horse Collar |
| 15:35 | Create | Villager (Male) |
| 15:39 | Build | Farm |
| 15:46 | Build | House |
| 15:48 | Create | Archer |
| 15:59 | Create | Villager (Male) |
| 16:01 | Build | Farm |
| 16:02 | Research | Fletching |
| 16:05 | Create | Archer |
| 16:20 | Create | Villager (Male) |
| 16:32 | Build | Farm |
| 16:48 | Create | Archer |
| 16:48 | Create | Villager (Male) |
| 16:56 | Create | Villager (Male) |
| 17:04 | Create | Archer |
| 17:09 | Build | House |
| 17:20 | Create | Villager (Male) |
| 17:26 | Create | Villager (Male) |
| 17:29 | Build | Farm |
| 17:30 | Build | Farm |
| 17:45 | Build | Farm |
| 18:06 | Create | Archer |
| 18:09 | Build | Farm |
| 18:21 | Build | Farm |
| 18:44 | Research | Castle Age |
| 18:49 | Create | Archer |
| 19:08 | Create | Villager (Male) |
| 19:21 | Create | Villager (Male) |
| 19:21 | Create | Villager (Male) |
| 19:29 | Create | Archer |
| 19:35 | Build | Mill |
| 19:47 | Research | Horse Collar |
| 19:52 | Create | Archer |
| 20:07 | Create | Archer |
| 20:29 | Create | Archer |
| 20:38 | Build | Archery Range |
| 20:41 | Create | Archer |
| 20:51 | Build | House |
| 20:52 | Build | House |
| 21:24 | Age | Castle Age |
| 21:26 | Research | Bodkin Arrow |
| 21:26 | Research | Crossbowman (upgrade) |
| 21:31 | Research | Crossbowman (upgrade) |
| 21:31 | Research | Crossbowman (upgrade) |
| 21:39 | Create | Archer |
| 21:46 | Build | House |
| 21:48 | Build | Farm |
| 21:52 | Create | Archer |
| 22:00 | Build | Palisade Wall |
| 22:00 | Build | Palisade Wall |
| 22:01 | Build | Palisade Wall |
| 22:07 | Build | Palisade Wall |
| 22:08 | Build | Palisade Wall |
| 22:14 | Create | Villager (Male) |
| 22:22 | Create | Villager (Male) |
| 22:25 | Create | Archer |
| 22:37 | Build | Town Center |
| 22:40 | Create | Archer |
| 22:50 | Research | Wheelbarrow |
| 22:55 | Create | Archer |
| 22:55 | Create | Archer |
| 23:03 | Create | Villager (Male) |
| 23:14 | Build | House |
| 23:22 | Create | Archer |
| 23:22 | Create | Archer |
| 23:29 | Create | Archer |
| 23:33 | Build | House |
| 23:41 | Create | Archer |
| 23:46 | Build | Palisade Wall |
| 23:47 | Build | Palisade Wall |
| 24:03 | Create | Archer |
| 24:11 | Build | House |
| 24:17 | Create | Villager (Male) |
| 24:19 | Create | Villager (Male) |
| 24:22 | Create | Archer |
| 24:23 | Create | Archer |
| 24:31 | Research | Bow Saw |
| 24:34 | Create | Archer |
| 24:34 | Create | Archer |
| 24:42 | Create | Villager (Male) |
| 24:45 | Build | House |
| 24:58 | Create | Villager (Male) |
| 24:59 | Create | Villager (Male) |
| 25:07 | Create | Archer |
| 25:07 | Create | Archer |
| 25:12 | Build | Palisade Wall |
| 25:13 | Build | Palisade Wall |
| 25:14 | Build | Palisade Wall |
| 25:22 | Create | Villager (Male) |
| 25:22 | Create | Villager (Male) |
| 25:24 | Create | Archer |
| 25:24 | Create | Archer |
| 25:38 | Create | Archer |
| 25:38 | Create | Archer |
| 25:41 | Build | House |
| 25:41 | Build | House |
| 25:57 | Create | Archer |
Build order — Sói
First 150 of 419 actions detected
| 0:32 | Build | Town Center |
| 2:05 | Build | House |
| 2:33 | Create | Villager (Male) |
| 2:34 | Create | Villager (Male) |
| 2:34 | Create | Villager (Male) |
| 2:44 | Create | Villager (Male) |
| 2:44 | Create | Villager (Male) |
| 3:36 | Create | Villager (Male) |
| 3:37 | Create | Villager (Male) |
| 4:23 | Build | House |
| 4:26 | Build | Lumber Camp |
| 4:32 | Create | Villager (Male) |
| 4:32 | Create | Villager (Male) |
| 4:32 | Create | Villager (Male) |
| 4:32 | Create | Villager (Male) |
| 5:24 | Create | Villager (Male) |
| 5:24 | Create | Villager (Male) |
| 5:24 | Create | Villager (Male) |
| 5:24 | Create | Villager (Male) |
| 5:42 | Create | Villager (Male) |
| 5:42 | Create | Villager (Male) |
| 5:43 | Create | Villager (Male) |
| 5:54 | Build | House |
| 6:13 | Create | Villager (Male) |
| 6:13 | Create | Villager (Male) |
| 6:13 | Create | Villager (Male) |
| 6:32 | Create | Villager (Male) |
| 6:32 | Create | Villager (Male) |
| 6:32 | Create | Villager (Male) |
| 6:52 | Build | House |
| 6:57 | Create | Villager (Male) |
| 6:58 | Create | Villager (Male) |
| 7:12 | Create | Villager (Male) |
| 7:12 | Create | Villager (Male) |
| 7:16 | Build | Dock |
| 7:57 | Create | Fishing Ship |
| 8:19 | Create | Villager (Male) |
| 8:19 | Create | Villager (Male) |
| 8:19 | Create | Villager (Male) |
| 8:20 | Create | Villager (Male) |
| 8:20 | Create | Villager (Male) |
| 8:35 | Build | House |
| 8:42 | Create | Fishing Ship |
| 8:49 | Build | House |
| 8:54 | Create | Villager (Male) |
| 8:59 | Build | House |
| 9:03 | Create | Villager (Male) |
| 9:03 | Create | Villager (Male) |
| 9:18 | Create | Villager (Male) |
| 9:21 | Create | Fishing Ship |
| 9:42 | Build | Palisade Wall |
| 9:43 | Build | Palisade Wall |
| 9:54 | Build | Palisade Gate |
| 10:26 | Create | Fishing Ship |
| 11:02 | Build | Mill |
| 11:16 | Create | Villager (Male) |
| 11:17 | Research | Loom |
| 11:17 | Research | Loom |
| 11:35 | Create | Fishing Ship |
| 11:59 | Research | Feudal Age |
| 11:59 | Research | Feudal Age |
| 12:13 | Create | Fishing Ship |
| 12:19 | Build | House |
| 12:51 | Create | Fishing Ship |
| 13:26 | Build | Barracks |
| 13:52 | Create | Villager (Male) |
| 13:52 | Create | Villager (Male) |
| 14:19 | Age | Feudal Age |
| 14:23 | Build | Stable |
| 14:28 | Build | Blacksmith |
| 14:59 | Build | Mining Camp |
| 15:20 | Research | Castle Age |
| 15:21 | Research | Castle Age |
| 15:21 | Research | Castle Age |
| 15:56 | Research | Double-Bit Axe |
| 15:56 | Research | Double-Bit Axe |
| 16:02 | Build | Fish Trap |
| 16:10 | Build | Fish Trap |
| 16:16 | Build | House |
| 16:29 | Research | Tech 906 |
| 16:30 | Research | Tech 906 |
| 16:30 | Research | Tech 906 |
| 16:42 | Build | Fish Trap |
| 17:03 | Build | Fish Trap |
| 17:14 | Build | House |
| 17:37 | Build | Fish Trap |
| 17:54 | Build | Fish Trap |
| 18:00 | Age | Castle Age |
| 18:02 | Create | Villager (Male) |
| 18:07 | Create | Knight |
| 18:11 | Research | Bow Saw |
| 18:11 | Research | Bow Saw |
| 18:28 | Create | Villager (Male) |
| 18:39 | Research | Scale Mail Armor |
| 18:42 | Research | Scale Barding Armor |
| 18:56 | Create | Knight |
| 19:02 | Create | Villager (Male) |
| 19:09 | Create | Fishing Ship |
| 19:38 | Create | Villager (Male) |
| 19:44 | Build | House |
| 20:07 | Create | Villager (Male) |
| 20:10 | Build | Dock |
| 20:16 | Build | Town Center |
| 20:21 | Build | House |
| 20:33 | Create | Fishing Ship |
| 20:38 | Build | Fish Trap |
| 20:46 | Create | Villager (Male) |
| 20:53 | Build | House |
| 21:04 | Create | Knight |
| 21:20 | Create | Fishing Ship |
| 21:23 | Build | Dock |
| 21:26 | Create | Villager (Male) |
| 21:31 | Build | Fish Trap |
| 21:33 | Create | Fishing Ship |
| 21:41 | Create | Villager (Male) |
| 21:46 | Create | Villager (Male) |
| 21:46 | Create | Villager (Male) |
| 21:53 | Build | Lumber Camp |
| 22:00 | Create | Fishing Ship |
| 22:04 | Research | Gillnets |
| 22:05 | Research | Gillnets |
| 22:10 | Build | House |
| 22:21 | Create | Knight |
| 22:36 | Create | Villager (Male) |
| 22:36 | Create | Villager (Male) |
| 22:40 | Build | Fish Trap |
| 22:43 | Create | Fishing Ship |
| 22:46 | Create | Fishing Ship |
| 22:48 | Create | Fishing Ship |
| 23:01 | Build | Town Center |
| 23:06 | Create | Villager (Male) |
| 23:08 | Create | Villager (Male) |
| 23:14 | Create | Fishing Ship |
| 23:15 | Create | Fishing Ship |
| 23:39 | Create | Villager (Male) |
| 23:40 | Create | Villager (Male) |
| 23:41 | Create | Villager (Male) |
| 23:46 | Build | Farm |
| 23:47 | Build | Farm |
| 23:49 | Build | Farm |
| 23:58 | Create | Fishing Ship |
| 24:02 | Create | Fishing Ship |
| 24:05 | Build | Fish Trap |
| 24:08 | Build | Farm |
| 24:08 | Build | Farm |
| 24:19 | Research | Chain Barding Armor |
| 24:19 | Research | Chain Barding Armor |
| 24:27 | Build | Outpost |
| 24:33 | Build | Farm |
| 24:34 | Build | Farm |
Build order — ツ Xuma
First 150 of 349 actions detected
| 0:09 | Build | Town Center |
| 1:51 | Build | House |
| 2:23 | Create | Villager (Male) |
| 2:23 | Create | Villager (Male) |
| 2:23 | Create | Villager (Male) |
| 2:24 | Create | Villager (Male) |
| 3:56 | Create | Villager (Male) |
| 3:56 | Create | Villager (Male) |
| 4:00 | Create | Villager (Male) |
| 4:11 | Build | House |
| 4:44 | Build | Lumber Camp |
| 4:48 | Create | Villager (Male) |
| 4:48 | Create | Villager (Male) |
| 4:48 | Create | Villager (Male) |
| 4:57 | Create | Villager (Male) |
| 5:41 | Create | Villager (Male) |
| 5:58 | Create | Villager (Male) |
| 6:23 | Build | House |
| 6:49 | Create | Villager (Male) |
| 7:04 | Build | Mill |
| 7:12 | Create | Villager (Male) |
| 7:15 | Research | Loom |
| 7:15 | Research | Loom |
| 7:46 | Create | Villager (Male) |
| 7:47 | Research | Loom |
| 7:47 | Research | Loom |
| 8:54 | Research | Feudal Age |
| 8:54 | Research | Feudal Age |
| 9:22 | Build | Barracks |
| 9:24 | Create | Villager (Male) |
| 9:25 | Create | Villager (Male) |
| 9:38 | Build | House |
| 9:40 | Create | Villager (Male) |
| 11:04 | Age | Feudal Age |
| 11:14 | Create | Villager (Male) |
| 11:16 | Build | Stable |
| 11:24 | Research | Double-Bit Axe |
| 11:25 | Research | Double-Bit Axe |
| 11:25 | Create | Villager (Male) |
| 11:34 | Create | Villager (Male) |
| 11:41 | Create | Villager (Male) |
| 11:54 | Build | House |
| 11:59 | Create | Villager (Male) |
| 12:01 | Create | Scout Cavalry |
| 12:01 | Create | Scout Cavalry |
| 12:03 | Create | Scout Cavalry |
| 12:19 | Build | Mill |
| 12:21 | Create | Villager (Male) |
| 12:22 | Create | Villager (Male) |
| 12:40 | Create | Villager (Male) |
| 12:47 | Create | Spearman |
| 12:52 | Create | Scout Cavalry |
| 13:01 | Create | Villager (Male) |
| 13:02 | Create | Villager (Male) |
| 13:13 | Create | Villager (Male) |
| 13:28 | Create | Scout Cavalry |
| 13:31 | Create | Scout Cavalry |
| 13:32 | Create | Scout Cavalry |
| 13:32 | Create | Scout Cavalry |
| 13:36 | Create | Spearman |
| 13:48 | Create | Scout Cavalry |
| 13:48 | Create | Scout Cavalry |
| 14:01 | Create | Villager (Male) |
| 14:01 | Create | Villager (Male) |
| 14:06 | Build | House |
| 14:19 | Create | Villager (Male) |
| 14:19 | Create | Villager (Male) |
| 14:29 | Build | Farm |
| 14:30 | Build | Farm |
| 14:31 | Build | Farm |
| 14:41 | Create | Villager (Male) |
| 14:44 | Build | Farm |
| 14:45 | Build | House |
| 14:46 | Build | House |
| 14:57 | Build | Watch Tower |
| 15:07 | Create | Scout Cavalry |
| 15:34 | Create | Villager (Male) |
| 15:34 | Create | Villager (Male) |
| 15:35 | Create | Villager (Male) |
| 15:45 | Build | Farm |
| 15:46 | Build | Farm |
| 15:55 | Create | Villager (Male) |
| 15:56 | Create | Villager (Male) |
| 16:02 | Research | Horse Collar |
| 16:03 | Research | Horse Collar |
| 16:03 | Create | Villager (Male) |
| 16:06 | Build | Farm |
| 16:07 | Build | Farm |
| 16:08 | Build | Farm |
| 16:18 | Build | House |
| 16:21 | Build | Palisade Wall |
| 16:43 | Create | Villager (Male) |
| 16:43 | Create | Villager (Male) |
| 16:49 | Create | Villager (Male) |
| 16:52 | Build | Farm |
| 16:53 | Build | Farm |
| 17:01 | Create | Villager (Male) |
| 17:01 | Create | Villager (Male) |
| 17:24 | Create | Villager (Male) |
| 17:24 | Create | Villager (Male) |
| 17:45 | Build | Mining Camp |
| 17:53 | Create | Villager (Male) |
| 17:58 | Build | House |
| 18:02 | Build | Palisade Wall |
| 18:13 | Create | Villager (Male) |
| 18:17 | Create | Villager (Male) |
| 18:40 | Build | Farm |
| 18:54 | Build | Farm |
| 19:00 | Create | Villager (Male) |
| 19:00 | Create | Villager (Male) |
| 19:10 | Create | Villager (Male) |
| 19:19 | Build | Watch Tower |
| 19:46 | Create | Villager (Male) |
| 19:46 | Create | Villager (Male) |
| 20:42 | Create | Villager (Male) |
| 20:42 | Create | Villager (Male) |
| 20:48 | Build | Farm |
| 21:08 | Create | Villager (Male) |
| 21:08 | Create | Villager (Male) |
| 21:28 | Build | Archery Range |
| 21:41 | Create | Villager (Male) |
| 22:00 | Build | Watch Tower |
| 22:02 | Build | Mining Camp |
| 22:08 | Build | House |
| 22:56 | Create | Skirmisher |
| 22:57 | Create | Skirmisher |
| 23:13 | Build | Lumber Camp |
| 23:20 | Create | Villager (Male) |
| 23:20 | Create | Villager (Male) |
| 23:40 | Create | Villager (Male) |
| 24:01 | Create | Villager (Male) |
| 24:08 | Build | Watch Tower |
| 24:11 | Create | Archer |
| 24:12 | Create | Archer |
| 24:17 | Create | Skirmisher |
| 24:17 | Create | Skirmisher |
| 24:20 | Create | Archer |
| 24:20 | Create | Archer |
| 24:23 | Create | Scout Cavalry |
| 24:25 | Create | Villager (Male) |
| 24:48 | Create | Villager (Male) |
| 24:48 | Create | Villager (Male) |
| 25:08 | Create | Villager (Male) |
| 25:08 | Create | Villager (Male) |
| 25:23 | Create | Scout Cavalry |
| 25:23 | Create | Scout Cavalry |
| 25:23 | Create | Scout Cavalry |
| 25:33 | Build | Farm |
| 25:44 | Create | Skirmisher |
| 25:44 | Create | Skirmisher |
Match timeline
| 6:50 | HaraKiri · wall_segment Palisade Wall x1 |
| 6:58 | HaraKiri · wall_segment Palisade Wall x1 |
| 7:04 | HaraKiri · wall_segment Palisade Wall x1 |
| 7:16 | Sói · first_building Dock |
| 8:31 | DYS.Chipmunk · wall_segment Palisade Wall x7 |
| 9:22 | ツ Xuma · first_building Barracks |
| 9:42 | Sói · wall_segment Palisade Wall x5 |
| 9:43 | Sói · wall_segment Palisade Wall x10 |
| 9:51 | DYS.Chipmunk · wall_segment Palisade Wall x8 |
| 9:58 | HaraKiri · wall_segment Palisade Wall x4 |
| 10:00 | HaraKiri · wall_segment Palisade Wall x4 |
| 10:03 | Capt. Eadk'an · first_building Barracks |
| 10:09 | DYS.Chipmunk · wall_segment Palisade Wall x1 |
| 10:56 | Capt. Eadk'an · wall_segment Palisade Wall x1 |
| 11:01 | Capt. Eadk'an · wall_segment Palisade Wall x3 |
| 11:02 | Capt. Eadk'an · wall_segment Palisade Wall x3 |
| 11:03 | Capt. Eadk'an · wall_segment Palisade Wall x1 |
| 11:04 | ツ Xuma · age_up feudal |
| 11:05 | Capt. Eadk'an · wall_segment Palisade Wall x1 |
| 11:06 | 鹿乃子乃子虎视眈眈 · first_building Barracks |
| 11:07 | Capt. Eadk'an · wall_segment Palisade Wall x1 |
| 11:08 | Ceeelebrate · first_building Barracks |
| 11:08 | Capt. Eadk'an · wall_segment Palisade Wall x1 |
| 11:09 | Capt. Eadk'an · wall_segment Palisade Wall x1 |
| 11:16 | ツ Xuma · first_building Stable |
| 11:17 | HaraKiri · wall_segment Palisade Wall x4 |
| 11:47 | Capt. Eadk'an · age_up feudal |
| 11:49 | Capt. Eadk'an · first_building Archery Range |
| 12:01 | DYS.Chipmunk · first_building Barracks |
| 12:09 | Papa Crimskiy · first_building Barracks |
| 12:13 | 鹿乃子乃子虎视眈眈 · age_up feudal |
| 12:20 | 鹿乃子乃子虎视眈眈 · first_building Archery Range |
| 12:21 | Ceeelebrate · wall_segment Palisade Wall x4 |
| 12:22 | Ceeelebrate · wall_segment Palisade Wall x3 |
| 12:25 | Ceeelebrate · wall_segment Palisade Wall x10 |
| 12:45 | DYS.Chipmunk · age_up feudal |
| 12:56 | HaraKiri · wall_segment Palisade Wall x1 |
| 12:56 | DYS.Chipmunk · wall_segment Palisade Wall x2 |
| 13:00 | DYS.Chipmunk · first_building Archery Range |
| 13:00 | HaraKiri · age_up feudal |
| 13:07 | Papa Crimskiy · age_up feudal |
| 13:10 | Papa Crimskiy · first_building Archery Range |
| 13:13 | Ceeelebrate · age_up feudal |
| 13:20 | Ceeelebrate · first_building Archery Range |
| 13:26 | Sói · first_building Barracks |
| 13:37 | HaraKiri · wall_segment Palisade Wall x1 |
| 13:40 | Papa Crimskiy · wall_segment Palisade Wall x1 |
| 13:44 | Papa Crimskiy · wall_segment Palisade Wall x7 |
| 13:45 | Papa Crimskiy · wall_segment Palisade Wall x1 |
| 14:03 | Papa Crimskiy · wall_segment Palisade Wall x2 |
| 14:04 | Papa Crimskiy · wall_segment Palisade Wall x1 |
| 14:19 | Sói · age_up feudal |
| 14:23 | Sói · first_building Stable |
| 16:21 | ツ Xuma · wall_segment Palisade Wall x1 |
| 16:55 | HaraKiri · age_up castle |
| 17:04 | HaraKiri · first_building Siege Workshop |
| 17:18 | HaraKiri · first_building Monastery |
| 17:54 | Ceeelebrate · first_market_buy 100 food |
| 18:00 | Sói · age_up castle |
| 18:02 | ツ Xuma · wall_segment Palisade Wall x1 |
| 18:12 | HaraKiri · first_market_sell 100 stone |
| 19:20 | DYS.Chipmunk · first_building Stable |
| 19:40 | DYS.Chipmunk · first_market_sell 100 wood |
| 20:27 | DYS.Chipmunk · first_market_buy 100 food |
| 21:00 | DYS.Chipmunk · wall_segment Stone Wall x6 |
| 21:24 | Papa Crimskiy · age_up castle |
| 21:28 | ツ Xuma · first_building Archery Range |
| 22:00 | Papa Crimskiy · wall_segment Palisade Wall x1 |
| 22:00 | Papa Crimskiy · wall_segment Palisade Wall x1 |
| 22:01 | Papa Crimskiy · wall_segment Palisade Wall x1 |
| 22:07 | Papa Crimskiy · wall_segment Palisade Wall x1 |
| 22:08 | Papa Crimskiy · wall_segment Palisade Wall x1 |
| 23:28 | Ceeelebrate · wall_segment Palisade Wall x1 |
| 23:28 | Ceeelebrate · wall_segment Palisade Wall x1 |
| 23:30 | HaraKiri · first_market_buy 100 food |
| 23:46 | Papa Crimskiy · wall_segment Palisade Wall x1 |
| 23:47 | Papa Crimskiy · wall_segment Palisade Wall x1 |
| 25:12 | Papa Crimskiy · wall_segment Palisade Wall x1 |
| 25:13 | Papa Crimskiy · wall_segment Palisade Wall x1 |
| 25:14 | Papa Crimskiy · wall_segment Palisade Wall x1 |
| 26:22 | Sói · first_building Siege Workshop |
| 26:45 | Capt. Eadk'an · age_up castle |
| 27:15 | Ceeelebrate · age_up castle |
| 28:19 | Ceeelebrate · first_market_sell 100 food |
| 28:38 | HaraKiri · first_building Castle |
| 29:17 | 鹿乃子乃子虎视眈眈 · age_up castle |
| 29:31 | 鹿乃子乃子虎视眈眈 · first_building Siege Workshop |
| 30:08 | 鹿乃子乃子虎视眈眈 · first_market_buy 100 wood |
| 31:21 | Capt. Eadk'an · first_building Castle |
| 31:24 | Ceeelebrate · first_building Siege Workshop |
| 31:33 | ツ Xuma · first_market_sell 100 stone |
| 31:35 | ツ Xuma · first_market_buy 100 food |
| 32:36 | DYS.Chipmunk · wall_segment Stone Wall x8 |
| 33:01 | Papa Crimskiy · first_building Monastery |
| 33:10 | Papa Crimskiy · first_market_buy 100 food |
| 33:43 | Capt. Eadk'an · first_building Siege Workshop |
| 33:45 | Sói · first_market_sell 100 food |
| 33:51 | Sói · first_building Monastery |
| 34:48 | Ceeelebrate · tribute_sent a jugador 1 |
| 34:48 | Ceeelebrate · tribute_sent a jugador 2 |
| 34:48 | Ceeelebrate · tribute_sent a jugador 3 |
| 34:48 | Ceeelebrate · tribute_sent a jugador 5 |
| 34:48 | Ceeelebrate · tribute_sent a jugador 6 |
| 34:48 | Ceeelebrate · tribute_sent a jugador 7 |
| 34:48 | Ceeelebrate · tribute_sent a jugador 8 |
| 34:53 | ツ Xuma · age_up castle |
| 35:26 | DYS.Chipmunk · age_up castle |
| 35:42 | DYS.Chipmunk · first_building Castle |
| 36:12 | DYS.Chipmunk · wall_segment Stone Wall x1 |
| 36:18 | DYS.Chipmunk · wall_segment Stone Wall x1 |
| 36:21 | DYS.Chipmunk · wall_segment Stone Wall x5 |
| 36:27 | Capt. Eadk'an · first_market_buy 100 stone |
| 36:48 | Papa Crimskiy · age_up imperial |
| 36:50 | 鹿乃子乃子虎视眈眈 · first_building Monastery |
| 36:56 | Papa Crimskiy · first_market_sell 100 stone |
| 37:46 | Sói · age_up imperial |
| 38:11 | DYS.Chipmunk · wall_segment Stone Wall x2 |
| 38:27 | Ceeelebrate · first_building Castle |
| 40:09 | Capt. Eadk'an · first_market_sell 100 wood |
| 40:16 | Papa Crimskiy · first_building Castle |
| 40:48 | Capt. Eadk'an · first_building Stable |
| 41:38 | ツ Xuma · first_building Monastery |
| 42:26 | Papa Crimskiy · tribute_sent a jugador 1 |
| 42:26 | Papa Crimskiy · tribute_sent a jugador 2 |
| 42:26 | Papa Crimskiy · tribute_sent a jugador 3 |
| 42:26 | Papa Crimskiy · tribute_sent a jugador 4 |
| 42:26 | Papa Crimskiy · tribute_sent a jugador 5 |
| 42:26 | Papa Crimskiy · tribute_sent a jugador 7 |
| 42:26 | Papa Crimskiy · tribute_sent a jugador 8 |
| 42:35 | HaraKiri · age_up imperial |
| 42:51 | Papa Crimskiy · tribute_sent a jugador 1 |
| 42:51 | Papa Crimskiy · tribute_sent a jugador 2 |
| 42:51 | Papa Crimskiy · tribute_sent a jugador 3 |
| 42:51 | Papa Crimskiy · tribute_sent a jugador 4 |
| 42:51 | Papa Crimskiy · tribute_sent a jugador 5 |
| 42:51 | Papa Crimskiy · tribute_sent a jugador 7 |
| 42:51 | Papa Crimskiy · tribute_sent a jugador 8 |
| 43:32 | Capt. Eadk'an · resign |
[ AI ANALYSIS · 1 CREDIT ]
What really happened in this match?
Wolo.gg analyzes every decision: build order, eco, micro, common mistakes by bracket. Personalized analysis on WhatsApp or Discord in 30 seconds.
Civ guide
Burgundians
Perfil
Jugador #408571